 Dungeon Crawl Stone Soup version 0.17-a0-1373-g64d4c99 (webtiles) character file.

589 sqallbeste the Covert (level 7, 0/33 HPs)
             Began as a Spriggan Assassin on June 13, 2015.
             Was an Initiate of Dithmenos.
             Slain by an ice beast (3 damage)
             ... on level 5 of the Dungeon on June 14, 2015.
             The game lasted 00:15:51 (3731 turns).

sqallbeste the Covert (Spriggan Assassin)           Turns: 3731, Time: 00:15:51

Health: 0/33       AC:  7    Str:  7    XL:     7   Next: 15%
Magic:  8/8        EV: 25    Int: 13    God:    Dithmenos [......]
Gold:   260        SH:  0    Dex: 19    Spells: 0 memorised, 6 levels left

rFire  x . .     SeeInvis +     a - +3 dagger
rCold  + . .     Clarity  .     c - +2 robe
rNeg   . . .     SustAt   .     (shield restricted)
rPois  .         Gourm    .     (helmet restricted)
rElec  .         Spirit   .     d - +2 cloak
rCorr  .         Warding  .     (gloves unavailable)
rMut   .         Stasis   .     (boots unavailable)
MR     +....                    (no amulet)
Stlth  +++++.....               (no ring)
                                n - ring of ice

@: very quick, somewhat resistant to hostile enchantments, quite stealthy
A: unfitting armour, see invisible, herbivore 3, speed 3, slow metabolism 2
a: Renounce Religion


You were on level 5 of the Dungeon.
You worshipped Dithmenos.
Dithmenos was noncommittal.
You were hungry.

You visited 2 branches of the dungeon, and saw 6 of its levels.

You collected 260 gold pieces.

Inventory:

Hand weapons
 a - a +3 dagger (weapon)
 b - a +0 blowgun
Missiles
 e - 24 poisoned needles
 f - 2 curare-tipped needles
Armour
 c - a +2 robe (worn)
 d - a +2 cloak (worn)
Jewellery
 n - a ring of ice (left hand)
Magical devices
 o - a wand of draining (6)
 s - a wand of lightning (4)
 w - a wand of confusion (12)
 x - a wand of digging (3)
Scrolls
 h - a scroll of remove curse
 k - a scroll of noise
 q - 4 scrolls of identify
Potions
 i - 3 potions of curing
 j - a potion of cancellation {unknown}
 m - a potion of haste {unknown}
 p - a potion of invisibility {unknown}
 r - 2 potions of poison {unknown}
 t - 2 potions of ambrosia {unknown}
 v - a potion of heal wounds {unknown}
Books
 u - a book of Enchantments

   Spells                             Type                      Level
   a - Cause Fear                     Hexes                        4
   b - Silence                        Hexes/Air                    5
   c - Deflect Missiles               Charms/Air                   6
   d - Haste                          Charms                       6
   e - Discord                        Hexes                        8
Comestibles
 g - 3 bread rations
 l - a slice of pizza


   Skills:
 - Level 1.5 Fighting
 - Level 2.3 Short Blades
 - Level 2.1 Throwing
 + Level 8.7 Dodging
 + Level 9.3 Stealth


You had 6 spell levels left.
You didn't know any spells.

Dungeon Overview and Level Annotations

Branches:
Dungeon (5/15)             Temple (1/1) D:4

Altars:
Ashenzari
Cheibriados
Dithmenos
Elyvilon
Fedhas
Gozag
Kikubaaqudgha
Makhleb
Nemelex Xobeh
Okawaru
Qazlal
Ru
Sif Muna
Trog
Vehumet
Yredelemnul
Zin
The Shining One

Annotations:
D:5 nuthulu's ghost, experienced DEFE


Innate Abilities, Weirdness & Mutations

You are tiny and cannot use many weapons and most armour.
You have supernaturally acute eyesight.
You are a herbivore.
You cover ground extremely quickly.
You need consume almost no food.


Message History

The jackal completely misses you. The jackal closely misses you.
The ice beast closely misses you. The jackal misses you.
The jackal closely misses you.
The jackal bites you but does no damage.
The jackal completely misses you. The orc completely misses you.
The ice beast hits you but does no damage.
The jackal misses you. The jackal completely misses you.
The jackal misses you. x3
The ice beast completely misses you. The orc completely misses you.
The adder skeleton bites you but does no damage.
The jackal barely misses you. The jackal completely misses you.
The jackal closely misses you.
The ice beast hits you but does no damage.
The jackal misses you. The orc misses you.
The adder skeleton completely misses you.
The jackal misses you. x2
The jackal completely misses you. The ice beast hits you.
* * * LOW HITPOINT WARNING * * *
The ice beast freezes you. You resist.
You die...

.....##.#...#.##+#...#
..#....<#...#.. ....
..#.........+.. ##.##
.........####w.. .#
.............###
#............#
###....).....#
##...Zo.....#
+...gh@.....#
###..hYh....#
......gS.....#
.$...........#
..........####
..........#
#.........#
#.........#


You could see an ice beast, a worm (wandering), 2 gnolls, an adder, an orc, 3
jackals and an adder skeleton.

Vanquished Creatures
  An ogre (D:4)
  Blork the orc (D:5)
  A giant frog zombie (D:4)
  2 hounds
  2 orc priests (D:4)
  Ijyb (D:3)
  An orc wizard (D:4)
  2 worker ants (D:4)
  An iguana (D:4)
  The ghost of 4thArraOfDagon the Chopper, a weakling NaBe of Trog (D:3)
  3 gnolls (D:4)
  2 adders (D:4)
  An adder skeleton (D:5)
  A worm (D:3)
  7 orcs
  9 bats
  7 giant cockroaches
  10 hobgoblins
  2 jackals (D:1)
  2 giant newts (D:3)
  8 goblins
  5 kobolds
  6 rats
76 creatures vanquished.

Notes
Turn   | Place    | Note
--------------------------------------------------------------
     0 | D:1      | sqallbeste the Spriggan Assassin began the quest for the Orb.
     0 | D:1      | Reached XP level 1. HP: 10/10 MP: 2/2
   255 | D:1      | Reached XP level 2. HP: 9/14 MP: 3/3
  1289 | D:3      | Reached XP level 3. HP: 15/18 MP: 4/4
  1443 | D:3      | Noticed Ijyb
  1473 | D:3      | Killed Ijyb
  1473 | D:3      | Reached skill level 6 in Stealth
  1673 | D:3      | Noticed 4thArraOfDagon's ghost (weakling NaBe)
  1691 | D:3      | Killed 4thArraOfDagon's ghost
  1691 | D:3      | Reached skill level 5 in Dodging
  1691 | D:3      | Reached XP level 4. HP: 1/22 MP: 5/5
  2356 | D:3      | Reached skill level 7 in Stealth
  2543 | D:4      | Reached XP level 5. HP: 25/25 MP: 6/6
  2557 | D:4      | Noticed an ogre
  2566 | D:4      | Killed an ogre
  2566 | D:4      | Reached skill level 8 in Stealth
  2647 | D:4      | Reached XP level 6. HP: 30/30 MP: 7/7
  3120 | D:4      | Found a staircase to the Ecumenical Temple.
  3294 | D:4      | Reached skill level 9 in Stealth
  3317 | Temple   | Entered the Ecumenical Temple
  3419 | Temple   | Became a worshipper of Dithmenos the Shadowed
  3550 | D:4      | Reached XP level 7. HP: 27/33 MP: 8/8
  3619 | D:5      | Entered Level 5 of the Dungeon
  3645 | D:5      | Noticed nuthulu's ghost (experienced DEFE)
  3712 | D:5      | Noticed Blork the orc
  3717 | D:5      | Killed Blork the orc
  3731 | D:5      | Slain by an ice beast

Vault maps used:
D:1:      lemuel_arrival_river_passageway
D:3:      uniq_iyjb
D:4:      minmay_temple_entry_glass, grunt_decor_arrowhead
D:5:      lemuel_castle_with_subvaults, first_bread, uniq_blork_the_orc
Temple:   grunt_circular_temple_18

Action                   |  1- 3 |  4- 6 |  7- 9 || total
-------------------------+-------+-------+-------++-------
Melee: Dagger            |   119 |   157 |    19 ||   295
 Fire: Blowgun           |       |    18 |       ||    18
  Use: Scroll            |     4 |     6 |       ||    10
       Potion            |       |     1 |       ||     1
 Stab: Sleeping          |    11 |    10 |     1 ||    22
